 Dungeon Crawl Stone Soup version 0.21.1-1-g345015fe64 (webtiles) character file.

6097 Gargoyl the Cudgeler (level 10, -6/83 HPs)
             Began as a Centaur Abyssal Knight on July 14, 2018.
             Was a High Priest of Lugonu.
             Splashed by Maurice's acid (12 damage)
             ... on level 9 of the Dungeon on July 16, 2018.
             The game lasted 00:15:09 (8828 turns).

Gargoyl the Cudgeler (Centaur Abyssal Knight)       Turns: 8828, Time: 00:15:11

Health: -6/83      AC: 24    Str: 16    XL:     10   Next: 58%
Magic:  15/15      EV: -1    Int: 11    God:    Lugonu [*****.]
Gold:   622        SH: 13    Dex: 11    Spells: 9/9 levels left

rFire    . . .     SeeInvis .   f - +2 whip (elec)
rCold    . . .     Gourm    .   v - +0 large shield
rNeg     . . .     Faith    .   l - +0 plate armour
rPois    +         Spirit   .   d - +0 helmet
rElec    .         Reflect  .   (no cloak)
rCorr    .         Harm     .   s - +1 pair of gloves
MR       .....                  i - +4 centaur barding
Stlth    ..........             (no amulet)
HPRegen  0.23/turn              h - ring of poison resistance
MPRegen  0.14/turn              F - ring of loudness (curse)

@: very quick
A: large, hooves 3, deformed body, speed 2, tough skin 3
a: Depart the Abyss, Bend Space, Banish, Corrupt, Enter the Abyss, Renounce
Religion


You were on level 9 of the Dungeon.
You worshipped Lugonu.
Lugonu was extremely pleased with you.
You were hungry.

You visited 1 branch of the dungeon, and saw 9 of its levels.
You visited the Abyss 1 time.
You also visited: Sewer and Ossuary.

You collected 622 gold pieces.

Inventory:

Hand Weapons
 a - a +2 hand axe
 f - a +2 whip of electrocution (weapon)
 G - a +4 war axe
Missiles
 x - 8 javelins (quivered)
Armour
 d - a +0 helmet (worn)
 i - a +4 centaur barding (worn)
 l - a +0 plate armour (worn)
 s - a +1 pair of gloves (worn)
 v - a +0 large shield (worn)
Jewellery
 h - a ring of poison resistance (left hand)
 F - a cursed ring of loudness (right hand)
Wands
 r - a wand of polymorph (13)
 w - a wand of flame (24)
 y - a wand of acid (7)
Scrolls
 b - 4 scrolls of teleportation
 g - 9 scrolls of identify
 j - 3 scrolls of fear
 k - a scroll of amnesia
 n - 4 scrolls of immolation
 q - 2 scrolls of blinking
 u - a scroll of magic mapping
Potions
 e - 4 potions of agility
 m - 2 potions of magic
 o - 7 potions of curing
 p - 4 potions of haste
 t - 2 potions of lignification
 z - a potion of berserk rage
 A - 2 potions of flight {unknown}
 B - 2 potions of brilliance {unknown}
 D - a potion of might {unknown}
 E - 3 potions of heal wounds {unknown}
Books
 C - a book of Changes

   Spells                             Type                      Level
   a - Beastly Appendage              Transmutation                1
   b - Sticks to Snakes               Transmutation                2
   c - Spider Form                    Transmutation/Poison         3
   d - Ice Form                       Ice/Transmutation            4
   e - Blade Hands                    Transmutation                5
Comestibles
 c - 26 rations


   Skills:
 + Level 5.6 Fighting
 + Level 2.6(5.4) Axes
 + Level 7.5(7.7) Maces & Flails
 + Level 0.4 Throwing
 * Level 7.3 Armour
 + Level 1.6 Dodging
 + Level 4.0 Shields
 * Level 7.0 Invocations


You had 9 spell levels left.
You didn't know any spells.

Dungeon Overview and Level Annotations

Branches:
Dungeon (9/15)             Temple (0/1) D:7            Lair (0/6) D:8
    Orc: D:9-12

Altars:
Cheibriados
Dithmenos
Makhleb
Okawaru
Qazlal
Ru
Sif Muna
Trog
Xom
Yredelemnul
Zin

Annotations:
D:9 Maurice


Innate Abilities, Weirdness & Mutations

You have hooves in place of feet.
Armour fits poorly on your strangely shaped body.
You cover ground very quickly.
You have extremely tough skin. (AC +3)


Message History

You hear a zap.
A bolt of acid appears from out of thin air!
The bolt of acid hits you!
You are splashed with acid!
The acid burns!
The crimson imp hits you but does no damage.
Unknown command.
You closely miss something.
You hear a zap.
A bolt of acid appears from out of thin air!
The bolt of acid hits you!
* * * LOW HITPOINT WARNING * * *
You are splashed with acid!
The acid burns!
* * * LOW HITPOINT WARNING * * *
You block the crimson imp's attack.
It was a potion of magic.
Magic courses through your body.
You hear a zap.
A bolt of acid appears from out of thin air!
The bolt of acid hits you!
* * * LOW HITPOINT WARNING * * *
You are splashed with acid!
The acid burns!
You die...

.. #....#
##.## #.####
....####.#
.........#
..#####.###..#
..?..........#
###.###..#
#.###..######
#@5..........
#)###..######
#.##.#.#
#.#.###..
##..## #.#
#..).# .#
##.##.# # ...#
#.# ...... ##


You could see a crimson imp.

Vanquished Creatures
  The ghost of GreeedyOne the Chopper, a novice FoFi (D:3)
  2 hippogriffs
  A wyvern (D:8)
  A human (D:7)
  4 hogs (D:7)
  3 porcupines (D:8)
  5 black bears
  Purgy (Sewer)
  2 orc warriors
  2 ice beasts (D:8)
  2 phantoms (D:8)
  A sky beast (D:5)
  A necrophage (D:7)
  An ogre (D:6)
  3 centaurs
  A crocodile (D:8)
  A big kobold (D:8)
  7 bullfrogs
  A water moccasin zombie (D:6)
  2 scorpions
  5 wights (D:8)
  4 crimson imps
  A bullfrog zombie (D:5)
  A centaur zombie (D:7)
  4 hounds
  2 quasits (D:8)
  9 orc wizards
  3 orc priests
  3 jellies
  3 worker ants
  Terence (D:2)
  8 mummies (Ossuary)
  7 adders
  2 river rats (D:4)
  3 shadow imps (D:7)
  An ooze (D:2)
  2 adder skeletons
  An adder zombie (D:6)
  2 worms
  4 dart slugs
  6 leopard geckos
  29 orcs
  8 giant cockroaches
  2 gnoll zombies (Ossuary)
  7 hobgoblins
  18 jackals
  4 quokkas
  3 ball pythons
  7 bats
  4 frilled lizards
  6 goblins
  3 hobgoblin zombies (Ossuary)
  A jackal skeleton (D:4)
  15 kobolds
  A kobold zombie (Ossuary)
  2 orc zombies (Ossuary)
  A quokka skeleton (D:7)
  2 quokka zombies (D:7)
  7 rats
234 creatures vanquished.

Vanquished Creatures (others)
  A two-headed ogre (D:7)
  8 fungi (D:8)
9 creatures vanquished.

Grand Total: 243 creatures vanquished

Notes
Turn   | Place    | Note
-------+----------+-------------------------------------------
     0 | Abyss:1  | Gargoyl the Centaur Abyssal Knight began the quest for the Orb.
     0 | Abyss:1  | Reached XP level 1. HP: 19/19 MP: 2/2
    37 | Abyss:1  | Noticed a small abomination
    49 | Abyss:1  | Noticed a large abomination
    68 | Abyss:1  | Noticed an apocalypse crab
    88 | Abyss:1  | Noticed a smoke demon
    89 | Abyss:1  | Noticed a raiju
    91 | D:1      | Escaped the Abyss
   682 | D:1      | Reached XP level 2. HP: 25/26 MP: 3/3
   847 | D:1      | Reached * piety under Lugonu
  1268 | D:2      | Noticed Terence
  1273 | D:2      | Reached XP level 3. HP: 25/31 MP: 4/4
  1290 | D:2      | Killed Terence
  1554 | D:2      | Reached XP level 4. HP: 39/39 MP: 5/5
  1948 | D:2      | Found a faded altar of an unknown god.
  2207 | D:2      | Reached ** piety under Lugonu
  2356 | D:3      | Reached skill level 1 in Maces & Flails
  2526 | D:3      | Reached XP level 5. HP: 36/46 MP: 6/6
  2953 | D:3      | Noticed GreeedyOne's ghost (novice FoFi)
  2989 | D:3      | Killed GreeedyOne's ghost
  2989 | D:3      | Reached XP level 6. HP: 30/52 MP: 6/8
  3431 | D:4      | Reached XP level 7. HP: 59/59 MP: 9/9
  3553 | D:4      | Found a glowing drain.
  3570 | Sewer    | Entered a sewer
  3654 | Sewer    | Noticed Purgy
  3665 | Sewer    | Killed Purgy
  3772 | D:4      | Reached *** piety under Lugonu
  4152 | D:4      | Found a glowing silver altar of Zin.
  4327 | D:4      | Found a shadowy altar of Dithmenos.
  4428 | D:5      | Entered Level 5 of the Dungeon
  4573 | D:5      | Found a shimmering altar of Xom.
  4614 | D:5      | Found a burning altar of Makhleb.
  4624 | D:5      | Reached XP level 8. HP: 64/67 MP: 10/10
  4850 | D:5      | Reached skill level 5 in Armour
  5092 | D:5      | Reached skill level 1 in Dodging
  5241 | D:5      | Found a snail-covered altar of Cheibriados.
  5244 | D:5      | Found a stormy altar of Qazlal.
  5253 | D:5      | Reached skill level 5 in Maces & Flails
  5405 | D:6      | Found a bloodstained altar of Trog.
  5626 | D:6      | Reached skill level 1 in Shields
  5984 | D:6      | Reached **** piety under Lugonu
  5996 | D:6      | Reached XP level 9. HP: 68/73 MP: 12/12
  6094 | D:6      | Found a sacrificial altar of Ru.
  6423 | D:7      | Noticed a two-headed ogre
  6438 | D:7      | Banished a two-headed ogre
  6438 | D:7      | Reached skill level 5 in Invocations
  6617 | D:7      | Reached skill level 5 in Fighting
  6653 | D:7      | Found a sand-covered staircase.
  6660 | Ossuary  | Entered an ossuary
  7452 | D:7      | Found a staircase to the Ecumenical Temple.
  7665 | D:8      | Reached XP level 10. HP: 61/81 MP: 14/14
  7688 | D:7      | Found a snail-covered altar of Cheibriados.
  7831 | D:8      | Found a staircase to the Lair.
  8019 | D:8      | Reached ***** piety under Lugonu
  8475 | D:8      | Found an iron altar of Okawaru.
  8479 | D:8      | Found a basalt altar of Yredelemnul.
  8719 | D:8      | Found a deep blue altar of Sif Muna.
  8798 | D:9      | Noticed Maurice
  8828 | D:9      | Splashed by Maurice's acid

Skill      XL: |  1  2  3  4  5  6  7  8  9 10 |
---------------+-------------------------------+-----
Axes           | 2 |  2.6
Armour         | 2 4 5 6 7 |  7.3
Maces & Flails | 1 2 4 5 7 |  7.5
Fighting       | 4 5 |  5.6
Invocations    | 3 4 6 7 |  7.0
Dodging        | 1 |  1.6
Shields        | 1 2 4 |  4.0
Throwing       | |  0.4

Action                   |  1- 3 |  4- 6 |  7- 9 | 10-12 || total
-------------------------+-------+-------+-------+-------++-------
Melee: Hand axe          |    49 |       |       |       ||    49
       Kick              |     9 |    22 |    92 |    36 ||   159
       Whip              |    39 |   135 |   409 |   169 ||   752
Throw: Javelin           |       |       |     2 |       ||     2
Invok: Depart the Abyss  |     1 |       |       |       ||     1
       Banish            |       |       |     1 |       ||     1
  Use: Scroll            |     1 |     9 |    12 |     1 ||    23
       Potion            |       |     1 |       |     1 ||     2
  Eat: Chunk             |     1 |     5 |     7 |     4 ||    17
       Ration            |       |       |     1 |       ||     1
Armor: Chain mail        |    67 |    54 |       |       ||   121
       Plate armour      |       |    92 |   330 |   100 ||   522
Dodge: Dodged            |    24 |     4 |    10 |     3 ||    41
Block: Large shield      |       |       |   174 |    93 ||   267
